 Dungeon Crawl Stone Soup version 0.26-a0-854-gdc81c2f471 (webtiles) character file.

Game seed: 15599800470111681353

30552 saihenjin the Severer (level 13, 0/113 HPs)
             Began as a Minotaur Fighter on Nov 24, 2020.
             Was a High Priest of Cheibriados.
             Slain by a cane toad (2 damage)
             ... while petrified by a basilisk
             ... on level 6 of the Lair of Beasts.
             The game lasted 01:06:46 (9832 turns).

saihenjin the Severer (Minotaur Fighter)            Turns: 9832, Time: 01:06:47

Health: 0/113      AC: 15    Str: 38    XL:     13   Next: 21%
Magic:  11/20      EV:  2    Int: 18    God:    Cheibriados [*****.]
Gold:   957        SH:  0    Dex: 30    Spells: 21/23 levels left

rFire    . . .     SeeInvis .   C - +5 war axe
rCold    . . .     Faith    .   n - +2 tower shield {reflect}
rNeg     + + +     Spirit   .   s - +3 ring mail {rPois}
rPois    ∞         Reflect  +   (helmet restricted)
rElec    .         Harm     .   j - +2 cloak {MR+}
rCorr    .         Rampage  .   (no gloves)
MR       +....                  b - +1 pair of boots
Stlth    +++.......             w - amulet of regeneration
HPRegen  0.68/turn              k - ring of positive energy
MPRegen  0.17/turn              y - +6 ring of dexterity

@: petrified, very slow
A: retaliatory headbutt, horns 2
a: Bend Time, Temporal Distortion, Slouch, Step From Time, Renounce Religion


You were on level 6 of the Lair of Beasts.
You worshipped Cheibriados.
Cheibriados was extremely pleased with you.
You visited 3 branches of the dungeon, and saw 18 of its levels.

You collected 957 gold pieces.

Inventory:

Hand Weapons
 d - a +4 hand axe
 f - the +7 great mace "Undeadhunter" {disrupt, rN+}
   (You found it on level 6 of the Dungeon)

   It protects you from negative energy.
 C - a +5 war axe (weapon)
 E - a +3 battleaxe
 J - a +1 scimitar of holy wrath
 L - a +3 falchion of holy wrath
 M - a +1 hand crossbow of flaming
Missiles
 q - 8 atropa-tipped darts (quivered)
 D - 59 sling bullets
Armour
 b - a +1 pair of boots (worn)
 c - a +2 kite shield
 j - a +2 cloak of magic resistance (worn)
 n - a +2 tower shield of reflection (worn)
 s - a +3 ring mail of poison resistance (worn)
 K - a scarf of invisibility
Magical Staves
 N - an uncursed staff of cold
Jewellery
 e - an uncursed ring of resist corrosion {unknown}
 h - an uncursed amulet of guardian spirit {unknown}
 i - an uncursed ring of fire
 k - a ring of positive energy (left hand)
 m - an uncursed ring of protection from fire
 o - an uncursed amulet of magic regeneration
 v - an uncursed ring of ice
 w - an amulet of regeneration (around neck)
 y - a +6 ring of dexterity (right hand)
 B - an uncursed ring of protection from fire
 F - a +6 ring of dexterity
 O - a +6 ring of strength {unknown}
Wands
 a - a wand of acid (3)
 g - a wand of flame (42)
 u - a wand of iceblast (19)
 I - a wand of disintegration (9)
Scrolls
 p - 2 scrolls of fog
 r - 8 scrolls of remove curse
 t - 3 scrolls of teleportation
 A - 2 scrolls of amnesia
 H - a scroll of fear
Potions
 x - 2 potions of flight
 G - a potion of brilliance
Miscellaneous
 Q - a lightning rod (2/4)


   Skills:
 - Level 9.8 Fighting
 - Level 15.4 Axes
 - Level 8.5 Armour
 - Level 6.7 Dodging
 - Level 4.0 Stealth
 - Level 12.4 Shields
 + Level 5.8 Spellcasting
 - Level 2.1 Invocations
 - Level 0.6 Evocations


You had 21 spell levels left.
You knew the following spells:

 Your Spells              Type           Power        Failure   Level
a - Passwall              Tmut/Erth      #.......     77%         2

Your spell library contained the following spells:

 Spells                   Type           Power        Failure   Level
 Animate Skeleton         Necr           #.....       63%         1
 Apportation              Tloc           #.....       63%         1
 Beastly Appendage        Tmut           #.....       63%         1
 Corona                   Hex            #......      63%         1
 Freeze                   Ice            #...         63%         1
 Magic Dart               Conj           #...         63%         1
 Sandblast                Erth           #.....       63%         1
 Summon Small Mammal      Summ           #...         63%         1
 Blink                    Tloc           N/A          77%         2
 Call Imp                 Summ           #.......     77%         2
 Poisonous Vapours        Pois/Air       #.....       77%         2
 Slow                     Hex            #.......     77%         2
 Wereblood                Tmut           #.......     77%         2
 Confusing Touch          Hex            #.......     94%         3
 Conjure Flame            Conj/Fire      #.......     94%         3
 Frozen Ramparts          Ice            #.....       94%         3
 Gell's Gravitas          Tloc           #.........   94%         3
 Mephitic Cloud           Conj/Pois/Air  #.......     94%         3
 Ozocubu's Armour         Ice            #.......     94%         3
 Spider Form              Tmut/Pois      #.........   94%         3
 Stone Arrow              Conj/Erth      #.....       94%         3
 Hailstorm                Conj/Ice       #.......     100%        4
 Ice Form                 Ice/Tmut       #.......     100%        4
 Petrify                  Tmut/Erth      #.......     100%        4
 Summon Ice Beast         Ice/Summ       #.......     100%        4
 Blade Hands              Tmut           #.........   100%        5
 Lee's Rapid Deconstruct  Erth           #.........   100%        5
 Metabolic Englaciation   Hex/Ice        #.........   100%        5
 Yara's Violent Unravell  Hex/Tmut       #.........   100%        5
 Freezing Cloud           Conj/Ice/Air   #.........   100%        6


Dungeon Overview and Level Annotations

Branches:
Dungeon (11/15)            Temple (1/1) D:4            Lair (6/6) D:11
  Swamp: Lair:2-4    Shoals: Lair:2-4     Snake: Lair:2-4    Spider: Lair:2-4
  Slime: Lair:5-6       Orc: D:9-12

Altars:
Ashenzari
Cheibriados
Dithmenos
Elyvilon
Fedhas
Gozag
Hepliaklqana
Kikubaaqudgha
Makhleb
Nemelex Xobeh
Okawaru
Qazlal
Ru
Sif Muna
Trog
Uskayaw
Vehumet
Wu Jian
Xom
Yredelemnul
Zin
The Shining One

Annotations:
Lair:1 exclusion: 2 oklob plants


Innate Abilities, Weirdness & Mutations

You reflexively headbutt those who attack you in melee.
You have a pair of horns on your head.


Message History

* * * LOW HITPOINT WARNING * * *
The cane toad stings you!
* * * LOW HITPOINT WARNING * * *
The basilisk gazes at you.
The cane toad stings you but does no damage.
The basilisk gazes at you. You resist with almost no effort.
The cane toad stings you!!
* * * LOW HITPOINT WARNING * * *
The cane toad stings you!
* * * LOW HITPOINT WARNING * * *
The basilisk gazes at you. You resist with almost no effort.
The cane toad stings you.
* * * LOW HITPOINT WARNING * * *
The basilisk bites you!
* * * LOW HITPOINT WARNING * * *
The cane toad stings you but does no damage.
The basilisk bites you but does no damage.
The cane toad stings you.
You die...

#. ....... #...../..♣ ##
# [.#......♣ #..#.
........♣♣
#....##........♣♣
...........P....
.P....l....#..♣
.P.....@F....♣♣
........†.....♣
..............♣♣
.##..P.........♣♣♣
.P..P#P.........♣♣♣
......P.................
....PP..................
.....P.................≈
..............?....≈.≈≈


You could see a cane toad and a basilisk.

Vanquished Creatures
  Gastronok (D:8)
  Kirke (Lair:4)
  4 hydras
  Fannar (Lair:1)
  A boulder beetle (D:9)
  2 two-headed ogres
  The ghost of Thatotherguy the Nimble, a novice DgIE (D:9)
  Urug (D:11)
  A sixfirhy (D:7)
  2 unseen horrors (D:11)
  An ugly thing (D:11)
  Pikel (D:5)
  5 cane toads
  2 torpor snails
  A gargoyle (D:11)
  4 komodo dragons (Lair:1)
  A troll (D:10)
  A polar bear (D:9)
  Grinder (D:5)
  3 blink frogs (Lair:2)
  4 dream sheep (Lair:4)
  3 spriggans (D:9)
  A vampire (D:10)
  A wraith (D:11)
  Sigmund (D:5)
  3 hogs (Lair:4)
  A wyvern (D:10)
  21 yaks
  Eustachio (D:5)
  Grum (D:10)
  2 basilisks (Lair:6)
  An acid dragon (D:11)
  A soldier ant (D:9)
  9 water moccasins
  Duvessa (D:5)
  4 sky beasts
  3 phantoms
  A black bear (D:3)
  6 ogres
  4 orc warriors
  11 centaurs
  2 wolves (D:10)
  Blork the orc (D:5)
  A big kobold (D:8)
  16 bullfrogs
  Dowan (D:5)
  A wyvern skeleton (D:7)
  8 scorpions
  15 killer bees
  14 wights
  7 howler monkeys
  A bullfrog zombie (D:9)
  2 centaur zombies (D:9)
  2 jellies
  A centaur skeleton (D:5)
  Crazy Yiuf (D:2)
  A bullfrog skeleton (D:5)
  4 orc priests
  5 hounds
  6 orc wizards
  Jessica (D:2)
  Terence (D:2)
  5 worker ants
  2 iguanas
  3 worker ant zombies
  A howler monkey skeleton (D:7)
  12 adders
  A gnoll (D:1)
  3 shadow imps
  5 white imps
  2 ufetubi
  4 adder zombies
  An adder skeleton (D:8)
  3 worms (D:3)
  2 dart slugs
  3 leopard geckos
  30 orcs
  2 ball pythons
  12 giant cockroaches
  5 goblins
  8 hobgoblins
  16 jackals
  8 quokkas
  3 bats
  6 frilled lizards
  10 kobolds
  A leopard gecko zombie (D:5)
  2 quokka skeletons (D:7)
  4 rats
360 creatures vanquished.

Vanquished Creatures (others)
  18 fungi
  12 plants
30 creatures vanquished.

Grand Total: 390 creatures vanquished

Notes
Turn   | Place    | Note
-------+----------+-------------------------------------------
     0 | D:1      | saihenjin the Minotaur Fighter began the quest for the Orb.
     0 | D:1      | Reached XP level 1. HP: 19/19 MP: 0/0
   115 | D:1      | Reached XP level 2. HP: 27/27 MP: 1/1
   367 | D:1      | Reached XP level 3. HP: 28/33 MP: 2/2
  1149 | D:2      | Found a burning altar of Makhleb.
  1156 | D:2      | Reached skill level 3 in Axes
  1169 | D:2      | Noticed Jessica
  1173 | D:2      | Killed Jessica
  1174 | D:2      | Reached XP level 4. HP: 40/40 MP: 3/3
  1496 | D:2      | Noticed Terence
  1503 | D:2      | Killed Terence
  1504 | D:2      | Reached skill level 5 in Armour
  1674 | D:2      | Found a runed translucent door.
  1675 | D:2      | Noticed Crazy Yiuf
  1684 | D:2      | Killed Crazy Yiuf
  1685 | D:2      | Reached XP level 5. HP: 26/46 MP: 4/4
  2156 | D:3      | Noticed a black bear
  2164 | D:3      | Killed a black bear
  2165 | D:3      | Reached skill level 4 in Axes
  2165 | D:3      | Reached skill level 1 in Dodging
  2165 | D:3      | Reached skill level 5 in Shields
  2362 | D:3      | Reached XP level 6. HP: 35/52 MP: 5/5
  2565 | D:3      | Found a basalt altar of Yredelemnul.
  2766 | D:3      | Found a white marble altar of Elyvilon.
  2857 | D:3      | Found a hazy altar of Hepliaklqana.
  2860 | D:3      | Found a shadowy altar of Dithmenos.
  2860 | D:3      | Noticed a shadow
  3062 | D:3      | Found a faded altar of an unknown god.
  3448 | D:4      | Found a staircase to the Ecumenical Temple.
  3464 | Temple   | Entered the Ecumenical Temple
  3729 | Temple   | Became a worshipper of Cheibriados the Contemplative
  3910 | D:5      | Entered Level 5 of the Dungeon
  3918 | D:5      | Noticed Duvessa
  3918 | D:5      | Noticed Dowan
  3943 | D:5      | Killed Duvessa
  3944 | D:5      | Reached skill level 5 in Axes
  3971 | D:5      | Killed Dowan
  3972 | D:5      | Reached XP level 7. HP: 57/60 MP: 6/6
  4114 | D:5      | Noticed Grinder
  4136 | D:5      | Paralysed by Grinder for 7 turns
  4158 | D:5      | Paralysed by Grinder for 5 turns
  4177 | D:5      | Killed Grinder
  4178 | D:5      | Reached skill level 5 in Fighting
  4178 | D:5      | Reached skill level 6 in Axes
  4259 | D:5      | Noticed Sigmund
  4285 | D:5      | Killed Sigmund
  4286 | D:5      | Reached XP level 8. HP: 30/68 MP: 7/7
  4388 | D:5      | Reached * piety under Cheibriados
  4389 | D:5      | Reached skill level 7 in Axes
  4413 | D:5      | Noticed Blork the orc
  4414 | D:5      | Noticed Eustachio
  4419 | D:5      | Noticed Pikel
  4436 | D:5      | Killed Pikel
  4437 | D:5      | Reached skill level 8 in Axes
  4450 | D:5      | Killed Blork the orc
  4458 | D:5      | Reached skill level 9 in Axes
  4483 | D:5      | Killed Eustachio
  4484 | D:5      | Reached XP level 9. HP: 60/75 MP: 8/8
  4810 | D:6      | Reached ** piety under Cheibriados
  4893 | D:6      | Reached skill level 10 in Axes
  4920 | D:6      | Found the +7 great mace "Undeadhunter" {disrupt, rN+}
  4958 | D:6      | Reached skill level 1 in Stealth
  5392 | D:7      | Found a sacrificial altar of Ru.
  5705 | D:7      | Reached *** piety under Cheibriados
  5756 | D:7      | Reached skill level 11 in Axes
  5812 | D:7      | Found a runed translucent door.
  5813 | D:7      | Noticed a sixfirhy
  5846 | D:7      | Killed a sixfirhy
  5847 | D:7      | Reached XP level 10. HP: 84/84 MP: 9/9
  5896 | D:7      | Found a radiant altar of Vehumet.
  5991 | D:7      | Found a broken altar of Ashenzari.
  6223 | D:8      | Noticed Gastronok
  6249 | D:8      | Killed Gastronok
  6250 | D:8      | Reached skill level 12 in Axes
  6441 | D:8      | Reached **** piety under Cheibriados
  6475 | D:8      | Reached skill level 10 in Shields
  6529 | D:8      | Found an opulent altar of Gozag.
  6606 | D:8      | Found a bloodstained altar of Trog.
  6758 | D:9      | Found a runed translucent door.
  6773 | D:9      | Reached skill level 13 in Axes
  6802 | D:9      | Reached ***** piety under Cheibriados
  6803 | D:9      | Reached skill level 5 in Dodging
  7060 | D:9      | Found a sparkling altar of Nemelex Xobeh.
  7061 | D:9      | Found a broken altar of Ashenzari.
  7063 | D:9      | Found an iron altar of Okawaru.
  7063 | D:9      | Found a hide-covered altar of Uskayaw.
  7081 | D:9      | Reached XP level 11. HP: 85/94 MP: 10/10
  7274 | D:9      | Noticed Thatotherguy's ghost (novice DgIE)
  7274 | D:9      | Identified the +4 spear of Spontaneous Combustion {protect,
                  | MP+9}
  7310 | D:9      | Killed Thatotherguy's ghost
  7311 | D:9      | Reached skill level 1 in Invocations
  7433 | D:10     | Entered Level 10 of the Dungeon
  7433 | D:10     | Noticed a two-headed ogre
  7447 | D:9      | Killed a two-headed ogre
  7490 | D:10     | Noticed a boulder beetle
  7522 | D:9      | Killed a boulder beetle
  7583 | D:10     | Reached skill level 14 in Axes
  7671 | D:10     | Learned a level 2 spell: Passwall
  7679 | D:10     | Noticed Grum
  7696 | D:10     | Killed Grum
  8135 | D:11     | Noticed a brown ugly thing
  8145 | D:11     | Killed a brown ugly thing
  8205 | D:11     | Killed an unseen horror
  8353 | D:11     | Noticed Urug
  8365 | D:11     | Killed Urug
  8560 | D:11     | Noticed a two-headed ogre
  8564 | D:11     | Reached ****** piety under Cheibriados
  8570 | D:11     | Killed a two-headed ogre
  8571 | D:11     | Reached XP level 12. HP: 104/104 MP: 12/12
  8732 | D:11     | Found a staircase to the Lair.
  8745 | Lair:1   | Entered Level 1 of the Lair of Beasts
  8874 | Lair:1   | Noticed a six-headed hydra
  8884 | Lair:1   | Reached skill level 15 in Axes
  8894 | Lair:1   | Killed an eight-headed hydra
  9193 | Lair:1   | Noticed Fannar
  9210 | Lair:1   | Killed Fannar
  9252 | Lair:1   | Noticed an eight-headed hydra
  9261 | Lair:1   | Killed a nine-headed hydra
  9369 | Lair:1   | Reached skill level 1 in Spellcasting
  9601 | Lair:3   | Identified a scroll of acquirement
  9601 | Lair:3   | Acquired a +2 tower shield of reflection
  9737 | Lair:4   | Noticed Kirke
  9748 | Lair:4   | Killed Kirke
  9749 | Lair:4   | Reached XP level 13. HP: 108/113 MP: 16/19
  9764 | Lair:4   | You fall into a shaft and drop 1 floor!
  9776 | Lair:6   | Entered Level 6 of the Lair of Beasts
  9796 | Lair:6   | Reached skill level 5 in Spellcasting
  9831 | Lair:6   | HP: 1/113 [basilisk (6)]
  9832 | Lair:6   | Slain by a cane toad

Illustrated notes

Levels and vault maps discovered:
D:1:      dpeg_arrival_long_road, layout_loops_ring, minmay_worlds_worst_comb
D:2:      layout_basic, old_standard_altar, uniq_crazy_yiuf_cottage,
          uniq_jessica, uniq_terence
D:3:      layout_loops_ring, riverfiend_overflow_shadow_ancestor,
          nicolae_overflow_crystal_walls, nicolae_overflow_hidden_temple,
          chequers_ecumenical_altar_simple_redux, dk_vineyard_3
D:4:      layout_rooms, minmay_temple_entry_overgrown
D:5:      layout_basic, uniq_sigmund, uniq_duvessa, uniq_blork_the_orc,
          uniq_grinder, uniq_pikel, uniq_eustachio
D:6:      layout_loops_ring, grunt_ministairs_1
D:7:      cheibrodos_shockbox, layout_basic, lemuel_round_altar,
          overflow_temple_1_default, cheibrodos_ashenzari_chains
D:8:      layout_basic, lightli_temple_of_fire, grunt_gozag_statues,
          uniq_gastronok
D:9:      layout_long_grid, grunt_temple_overflow_open,
          ebering_ghost_funeral_grove
D:10:     layout_rooms, uniq_grum
D:11:     layout_stronghold, grunt_lair_entry_orc_guard_hut, laboratory,
          uniq_urug
Temple:   dpeg_chambers_temple
Lair:1:   layout_small_grid, grunt_megastairs_2, minmay_lair_oklob_chamber,
          uniq_fannar
Lair:2:   layout_regular_city, chequers_serial_rivers_micro_d,
          grunt_megastairs_4, uniq_prince_ribbit2, uniq_sonja
Lair:3:   layout_chaotic_city, infiniplex_staircase_pool
Lair:4:   layout_hall_layers, shoals_dummy_entry, spider_nest_entry_rubble,
          grunt_megastairs_3, uniq_kirke
Lair:5:   layout_hall_layers, chequers_serial_rivers_room_b, beast_lair_carwin_2
Lair:6:   evil_forest, layout_cave_shapes, slime_altar_1,
          gauntlet_entry_generic, infiniplex_staircase_pool_2, lemuel_fruit_tree

Skill      XL: |  1  2  3  4  5  6  7  8  9 10 11 12 13 |
---------------+----------------------------------------+-----
Armour         | 4 5 6 7 8 |  8.5
Shields        | 4 5 6 7 9 10 11 12 | 12.4
Axes           | 3 4 5 6 9 11 13 14 15 | 15.4
Fighting       | 4 5 6 7 9 |  9.8
Dodging        | 1 2 3 4 5 6 |  6.7
Stealth        | 1 2 3 4 |  4.0
Invocations    | 1 2 |  2.1
Spellcasting   | 4 5 |  5.8
Evocations     | |  0.6

Action                   |  1- 3 |  4- 6 |  7- 9 | 10-12 | 13-15 || total
-------------------------+-------+-------+-------+-------+-------++-------
Melee: War axe           |    80 |   134 |   257 |   407 |    21 ||   899
       Headbutt          |    10 |    21 |    58 |   175 |    10 ||   274
Invok: Bend Time         |       |       |     2 |       |       ||     2
       Slouch            |       |       |       |     3 |     3 ||     6
       Step From Time    |       |       |       |     1 |       ||     1
 Abil: Evoke Invisibilit |       |       |       |     1 |       ||     1
Evoke: Lightning rod     |       |       |       |     4 |       ||     4
  Use: Scroll            |       |    14 |     6 |    12 |     1 ||    33
       Potion            |       |     1 |    10 |     3 |     2 ||    16
 Stab: Sleeping          |       |       |     1 |    11 |       ||    12
       Distracted        |       |       |     1 |     1 |       ||     2
Armor: Scale mail        |    20 |       |       |       |       ||    20
       Chain mail        |    20 |    12 |       |       |       ||    32
       Ring mail         |       |    56 |    68 |    84 |    16 ||   224
Dodge: Dodged            |    15 |    37 |    68 |   164 |    11 ||   295
Block: Kite shield       |    60 |    76 |   182 |   325 |       ||   643
       Tower shield      |       |       |       |    25 |    50 ||    75

Table legend: (Time is in decaauts)
 A = Elapsed time spent in this place.
 B = Non-inter-level travel time spent in this place.
 C = Inter-level travel time spent in this place.
 D = Time resting spent in this place.
 E = Time spent auto-exploring this place.
 F = Levels seen in this place.
 G = Mean time per level.
                   A        B        C        D        E       F      G
               +--------+--------+--------+--------+--------+-----+--------+
         Total |  13019 |  12733 |    286 |   1120 |   6866 |  18 |  723.3 |
       Dungeon |  11005 |  10774 |    231 |    970 |   5992 |  11 | 1000.5 |
        Temple |    282 |    227 |     55 |      0 |    203 |   1 |  282.0 |
          Lair |   1732 |   1732 |      0 |    150 |    670 |   6 |  288.7 |
               +--------+--------+--------+--------+--------+-----+--------+

Top non-repeatable levels by time:
     D:9: 1265 daAuts
     D:2: 1204 daAuts
  Lair:1: 1191 daAuts
    D:11: 1182 daAuts
     D:7: 1103 daAuts
     D:3: 1055 daAuts
     D:5: 974 daAuts
     D:6: 961 daAuts
     D:1: 943 daAuts
    D:10: 904 daAuts
     D:8: 870 daAuts
     D:4: 541 daAuts
  Temple: 282 daAuts
  Lair:3: 262 daAuts
  Lair:4: 134 daAuts
